 Dungeon Crawl Stone Soup version 0.30.0-5-g1a98f26d00 (webtiles) character file.

Game seed: 9737449552466425395

1681 retardedninja the Magician (level 9, -1/54 (65) HPs)
             Began as a Gnoll Fire Elementalist on May 9, 2023.
             Was a Priest of Makhleb.
             Slain by a wight
             ... wielding a +3 dagger
              (8 damage)
             ... on level 6 of the Dungeon.
             The game lasted 00:12:14 (7608 turns).

retardedninja the Magician (GnFE)                   Turns: 7608, Time: 00:12:15

HP:   -1/54 (65)    AC:  3    Str:  8    XL:     9   Next: 2%
MP:   15/18         EV: 14    Int: 19    God:    Makhleb [***...]
Gold: 286           SH:  0    Dex: 12    Spells: 13/20 levels left

rFire   . . .        i - +2 spear (venom)
rCold   . . .        (no shield)
rNeg    . . .        a - +0 robe
rPois   .            m - +0 helmet
rElec   .            (no cloak)
rCorr   .            (no gloves)
SInv    .            (no boots)
Will    .....        o - amulet of reflection
Stlth   +            c - ring of wizardry
HPRegen 0.29/turn    (no ring)
MPRegen 0.16/turn

%: reflection, wizardry (x1)
@: confused, ambrosia-drunk, heavily drained
A: fangs 1, strong nose, distributed training
a: Renounce Religion, Minor Destruction, Lesser Servant of Makhleb


You were on level 6 of the Dungeon.
You worshipped Makhleb.
Makhleb was most pleased with you.
You visited 1 branch of the dungeon, and saw 6 of its levels.

You collected 286 gold pieces.

Inventory:

Hand Weapons
 i - a +2 spear of venom (weapon)
 u - the +7 dagger "Beetlebane" {flame, *Corrode rF+++ rC+++ Dex-2}
   (You found it on level 3 of the Dungeon)

   Dex:       It affects your dexterity (-2).
   rF:        It renders you almost immune to fire.
   rC:        It renders you almost immune to cold.
   *Corrode:  It may corrode you when you take damage.
Missiles
 b - a throwing net
Armour
 a - a +0 robe (worn)
 m - a +0 helmet (worn)
 y - +0 shadow dragon scales
Jewellery
 c - a ring of wizardry (left hand)
 o - an amulet of reflection (around neck)
 D - an amulet of reflection
 G - a +6 ring of intelligence
Wands
 x - a wand of polymorph (3)
 F - a wand of flame (4)
Scrolls
 d - a scroll of blinking {unknown}
 e - a scroll of torment {unknown}
 f - a scroll of vulnerability {unknown}
 g - 3 scrolls of teleportation
 h - a scroll of amnesia
 k - a scroll of fog {unknown}
 l - 4 scrolls of identify
 n - a scroll of enchant armour {unknown}
 r - a scroll of poison {unknown}
 s - a scroll of silence {unknown}
 t - a scroll of enchant weapon {unknown}
 E - a scroll of immolation {unknown}
 H - a scroll of acquirement {unknown}
Potions
 p - 2 potions of degeneration
 q - a potion of mutation
 v - 2 potions of attraction
 z - a potion of might {unknown}
 A - a potion of cancellation
 B - a potion of flight {unknown}


   Skills:
 + Level 3.9 Fighting
 + Level 3.9 Short Blades
 + Level 3.9 Long Blades
 + Level 3.9 Axes
 + Level 3.9 Maces & Flails
 + Level 3.9 Polearms
 + Level 3.9 Staves
 + Level 3.9 Ranged Weapons
 + Level 3.9 Throwing
 + Level 3.9 Armour
 + Level 6.1 Dodging
 + Level 5.8 Stealth
 + Level 3.9 Shields
 + Level 3.9 Unarmed Combat
 + Level 6.4 Spellcasting
 + Level 3.9 Conjurations
 + Level 3.2 Hexes
 + Level 3.2 Summonings
 + Level 3.2 Necromancy
 + Level 3.2 Translocations
 + Level 3.2 Transmutations
 + Level 6.4 Fire Magic
 + Level 3.2 Ice Magic
 + Level 3.2 Air Magic
 + Level 3.2 Earth Magic
 + Level 3.2 Poison Magic
 + Level 4.3 Invocations
 + Level 3.9 Evocations


You had 13 spell levels left.
You knew the following spells:

 Your Spells              Type           Power      Damage    Failure   Level
a - Foxfire               Conj/Fire      100%       2x1d9     1%          1
b - Scorch                Fire           60%        2d8       1%          2
c - Flame Wave            Conj/Fire      25%        2d8       5%          4

Your spell library contained the following spells:

 Spells                   Type           Power      Damage    Failure   Level
 Magic Dart               Conj           84%        1d7       1%          1
 Summon Small Mammal      Summ           72%        N/A       1%          1
 Call Imp                 Summ           36%        N/A       1%          2
 Ensorcelled Hibernation  Hex/Ice        36%        N/A       1%          2
 Passwall                 Tmut/Erth      15%        N/A       1%          2
 Inner Flame              Hex/Fire       24%        N/A       1%          3
 Volatile Blastmotes      Fire/Tloc      48%        2d14      1%          3
 Call Canine Familiar     Summ           18%        N/A       3%          3
 Mephitic Cloud           Conj/Pois/Air  19%        N/A       3%          3
 Ozocubu's Armour         Ice            18%        N/A       3%          3
 Spider Form              Tmut/Pois      18%        N/A       3%          3
 Summon Guardian Golem    Hex/Summ       18%        N/A       3%          3
 Swiftness                Air            18%        N/A       3%          3
 Vhi's Electric Charge    Tloc/Air       36%        N/A       3%          3
 Anguish                  Hex/Necr       9%         N/A       12%         4
 Arcjolt                  Conj/Air       9%         1d19      26%         5
 Ozocubu's Refrigeration  Ice            9%         4d9       100%        7
 Maxwell's Capacitive Co  Air            9%         ∞         100%        8


Dungeon Overview and Level Annotations

Branches:
Dungeon (6/15)
 Temple: D:4-7

Altars:
Cheibriados
Elyvilon
Fedhas
Hepliaklqana
Makhleb
Okawaru
Uskayaw

Shops:
D:4 :


Innate Abilities, Weirdness & Mutations

You have very sharp teeth.
Your uncanny sense of smell can sniff out nearby items.
Your experience applies equally to all skills.


Message History

It was a potion of ambrosia.
You are confused.
You feel invigorated.
You feel less invigorated.
You feel less confused. The wight closely misses you.
The wight attacks as you move away! You block the wight's attack.
Casting: Foxfire (safe; 1% risk of failure)
Confirm with . or Enter, or press ? or * to list all spells.
Flames lash the wight.
The wight is moderately damaged.
The wight's fire resistance burns away.
The wight hits you with a +3 dagger. The wight barely misses you.
Unknown command.
Casting: Scorch (safe; 1% risk of failure)
Confirm with . or Enter, or press ? or * to list all spells.
You don't know that spell.
The wight attacks as you move away! The wight hits you with a +3 dagger!
The wight attacks as you move away! The wight closely misses you.
Unknown command.
Casting: Scorch (safe; 1% risk of failure)
Confirm with . or Enter, or press ? or * to list all spells.
Flames lash the wight.
The wight is burned terribly!
The wight is heavily damaged.
The wight closely misses you. The wight hits you with a +3 flail!
You feel drained.
* * * LOW HITPOINT WARNING * * *
Casting: Scorch (safe; 1% risk of failure)
Confirm with . or Enter, or press ? or * to list all spells.
Flames lash the wight.
The wight is almost destroyed.
The wight's fire resistance burns away.
The wight hits you with a +3 dagger!
* * * LOW HITPOINT WARNING * * *
You feel drained. The wight hits you with a +3 flail.
* * * LOW HITPOINT WARNING * * *
You feel drained.
* * * LOW HITPOINT WARNING * * *
You are confused.
You feel invigorated. The wight hits you with a +3 dagger!
You die...

### #
########## ..#
....#...z....+
..#
....'..@z....#
..#
....#....)...#
..# ..
#....)...# '##
#........# ..#
#........# †.#
.#........#
..#######
..#######'#
..#...#.#
#......##.##'#
..#.....#
#............#


You could see 2 wights.

Vanquished Creatures
  Edmund (D:4)
  A water moccasin (D:5)
  An ice beast (D:6)
  5 ogres
  2 phantoms
  A bullfrog (D:4)
  A scorpion (D:4)
  A wight (D:6)
  Dowan (D:5)
  A jelly (D:5)
  A howler monkey (D:6)
  An orc priest (D:3)
  3 hounds
  An iguana (D:5)
  Terence (D:3)
  2 orc wizards (D:5)
  Robin (D:2)
  4 gnolls (D:4)
  10 adders
  2 river rats (D:4)
  A shadow imp (D:6)
  An ufetubus (D:5)
  9 worms
  A dart slug (D:2)
  8 orcs
  7 ball pythons
  2 bats
  5 endoplasms
  6 giant cockroaches
  18 goblins
  3 hobgoblins
  3 jackals (D:3)
  3 quokkas
  7 frilled lizards
  3 kobolds
  10 rats
128 creatures vanquished.

Vanquished Creatures (others)
  A quokka (D:6)
  525 foxfires
526 creatures vanquished.

Grand Total: 654 creatures vanquished

Notes
Turn   | Place    | Note
-------+----------+-------------------------------------------
     0 | D:1      | retardedninja the Gnoll Fire Elementalist began the quest
                  | for the Orb.
     0 | D:1      | Reached XP level 1. HP: 13/13 MP: 6/6
    56 | D:1      | Found a faded altar of an unknown god.
    97 | D:1      | Prayed at the altar of an unknown god.
    97 | D:1      | Became a worshipper of Makhleb the Destroyer
    97 | D:1      | Reached * piety under Makhleb
   229 | D:1      | Reached XP level 2. HP: 19/19 MP: 2/7
  1171 | D:2      | Reached skill level 5 in Spellcasting
  1171 | D:2      | Reached XP level 3. HP: 25/25 MP: 6/9
  1171 | D:2      | Noticed Robin
  1172 | D:2      | Reached ** piety under Makhleb
  1188 | D:1      | Learned a level 2 spell: Scorch
  1454 | D:2      | Reached skill level 1 in Invocations
  1650 | D:2      | Killed Robin
  1651 | D:2      | Reached skill level 1 in Fighting
  1651 | D:2      | Reached skill level 1 in Short Blades
  1651 | D:2      | Reached skill level 1 in Long Blades
  1651 | D:2      | Reached skill level 1 in Axes
  1651 | D:2      | Reached skill level 1 in Maces & Flails
  1651 | D:2      | Reached skill level 1 in Polearms
  1651 | D:2      | Reached skill level 1 in Staves
  1651 | D:2      | Reached skill level 1 in Ranged Weapons
  1651 | D:2      | Reached skill level 1 in Throwing
  1651 | D:2      | Reached skill level 1 in Armour
  1651 | D:2      | Reached skill level 1 in Shields
  1651 | D:2      | Reached skill level 1 in Unarmed Combat
  1651 | D:2      | Reached skill level 1 in Evocations
  1892 | D:2      | Reached XP level 4. HP: 32/32 MP: 6/11
  2287 | D:2      | Reached skill level 1 in Hexes
  2287 | D:2      | Reached skill level 1 in Summonings
  2287 | D:2      | Reached skill level 1 in Necromancy
  2287 | D:2      | Reached skill level 1 in Translocations
  2287 | D:2      | Reached skill level 1 in Transmutations
  2287 | D:2      | Reached skill level 1 in Ice Magic
  2287 | D:2      | Reached skill level 1 in Air Magic
  2287 | D:2      | Reached skill level 1 in Earth Magic
  2287 | D:2      | Reached skill level 1 in Poison Magic
  2614 | D:2      | Identified the +5 chain mail "Ugejiaz" {rN+ Will+ Int-4
                  | SInv}
  2685 | D:3      | Reached XP level 5. HP: 37/37 MP: 7/12
  2699 | D:3      | Found a snail-covered altar of Cheibriados.
  3002 | D:3      | Found a blossoming altar of Fedhas.
  3663 | D:3      | Identified the +7 dagger "Beetlebane" {flame, *Corrode
                  | rF+++ rC+++ Dex-2}
  3841 | D:3      | Noticed Terence
  3847 | D:3      | Killed Terence
  3990 | D:3      | Found an iron altar of Okawaru.
  4303 | D:4      | Noticed a phantom
  4314 | D:4      | Killed a phantom
  4315 | D:4      | Reached skill level 5 in Dodging
  4315 | D:4      | Reached XP level 6. HP: 35/44 MP: 8/14
  4429 | D:4      | HP: 2/44 [gnoll/+0 spear (3)]
  4766 | D:4      | Noticed Edmund
  4781 | D:4      | Killed Edmund
  4782 | D:4      | Reached XP level 7. HP: 29/51 MP: 0/15
  4962 | D:4      | Found Pyji's Self-Improvement Boutique.
  5201 | D:4      | Reached *** piety under Makhleb
  5383 | D:4      | Reached skill level 5 in Stealth
  5590 | D:5      | Entered Level 5 of the Dungeon
  5620 | D:5      | Learned a level 4 spell: Flame Wave
  5846 | D:5      | Reached XP level 8. HP: 31/58 MP: 9/16
  5974 | D:5      | Noticed Dowan
  5979 | D:5      | Noticed Duvessa
  5983 | D:5      | Duvessa changed into Duvessa the adder
  5983 | D:5      | Noticed Duvessa
  5989 | D:5      | Killed Duvessa the adder
  5995 | D:5      | Killed Dowan
  7057 | D:5      | Identified the +0 leather armour "Nurghia" {rElec rF+}
  7325 | D:6      | Found a hide-covered altar of Uskayaw.
  7512 | D:6      | Found a hazy altar of Hepliaklqana.
  7568 | D:6      | HP: 1/53 [wight/+3 flail (16)]
  7581 | D:6      | Found a white marble altar of Elyvilon.
  7597 | D:6      | Reached XP level 9. HP: 17/60 MP: 13/18
  7608 | D:6      | Slain by a wight

Illustrated notes

Levels and vault maps discovered:
D:1:      sevenhm_arrival_forest_fort_small_3, layout_loops_ring,
          ebering_ecumenical_altar_mist
D:2:      minmay_wonky_spiral, layout_loops_ring, minmay_strange_pillars,
          uniq_robin
D:3:      layout_loops_corners, mainiacjoe_overflow_24_doors,
          nicolae_overflow_squiral, uniq_terence
D:4:      layout_gridville, lightli_sewer_entry_pipes, nicolae_shop_self_help,
          uniq_edmund
D:5:      layout_basic, minmay_misc_feat_four_crosses,
          kennysheep_generic_room_10, uniq_duvessa
D:6:      layout_gridville, elyvilon_altar_4, zin_academy,
          nicolae_overflow_crystal_walls, nicolae_uskayaw_dance_hall,
          temple_green, uniq_eustachio

Skill      XL: |  1  2  3  4  5  6  7  8 |
---------------+-------------------------+-----
Conjurations   | 2 3 |  3.9
Spellcasting   | 5 6 |  6.4
Invocations    | 1 2 3 4 |  4.3
Fighting       | 1 2 3 |  3.9
Short Blades   | 1 2 3 |  3.9
Long Blades    | 1 2 3 |  3.9
Axes           | 1 2 3 |  3.9
Maces & Flails | 1 2 3 |  3.9
Polearms       | 1 2 3 |  3.9
Staves         | 1 2 3 |  3.9
Ranged Weapons | 1 2 3 |  3.9
Throwing       | 1 2 3 |  3.9
Armour         | 1 2 3 |  3.9
Shields        | 1 2 3 |  3.9
Unarmed Combat | 1 2 3 |  3.9
Evocations     | 1 2 3 |  3.9
Hexes          | 1 2 3 |  3.2
Summonings     | 1 2 3 |  3.2
Necromancy     | 1 2 3 |  3.2
Translocations | 1 2 3 |  3.2
Transmutations | 1 2 3 |  3.2
Ice Magic      | 1 2 3 |  3.2
Air Magic      | 1 2 3 |  3.2
Earth Magic    | 1 2 3 |  3.2
Poison Magic   | 1 2 3 |  3.2
Dodging        | 5 6 |  6.1
Stealth        | 5 |  5.8
Fire Magic     | 6 |  6.4

Action                     |  1- 3 |  4- 6 |  7- 9 || total
---------------------------+-------+-------+-------++-------
  Melee: Spear             |     8 |     8 |    13 ||    29
   Cast: Foxfire           |    75 |   124 |   125 ||   324
         Scorch            |     8 |    21 |    30 ||    59
 Invoke: Minor Destruction |       |     3 |       ||     3
  Evoke: Wand              |       |       |     6 ||     6
    Use: Potion            |       |     1 |    10 ||    11
         Scroll            |       |       |     7 ||     7
 Armour: Robe              |     7 |     6 |    10 ||    23
         Skin              |       |     1 |       ||     1
  Dodge: Dodged            |    27 |    27 |    59 ||   113
  Block: Other             |       |     6 |    16 ||    22
